 Dungeon Crawl Stone Soup version 0.29-a0-330-g52719c12eb (webtiles) character file.

Game seed: 8674063240148688778

77 kae the Chopper (level 4, -2/39 HPs)
             Began as a Hill Orc Fighter on May 8, 2022.
             Slain by Sigmund
             ... wielding a +0 scythe
              (7 damage)
             ... on level 2 of the Dungeon.
             The game lasted 00:00:38 (1673 turns).

kae the Chopper (Hill Orc Fighter)                  Turns: 1673, Time: 00:00:39

Health: -2/39      AC:  6    Str: 20    XL:     4   Next: 33%
Magic:  4/4        EV:  9    Int:  8    God:
Gold:   45         SH:  4    Dex: 10    Spells: 3/3 levels left

rFire   . . .      SeeInvis .   a - +0 war axe
rCold   . . .      Faith    .   c - +0 buckler
rNeg    . . .      Spirit   .   b - +0 scale mail
rPois   .          Reflect  .   (no helmet)
rElec   .          Harm     .   (no cloak)
rCorr   .          Rampage  .   (no gloves)
Will    .....                   (no boots)
Stlth   ..........              (no amulet)
HPRegen 0.13/turn               (no ring)
MPRegen 0.09/turn               (no ring)

@: invisible
A: no striking features
a: no special abilities


You were on level 2 of the Dungeon.
You visited 1 branch of the dungeon, and saw 2 of its levels.

You collected 45 gold pieces.

Inventory:

Hand Weapons
 a - a +0 war axe (weapon)
Armour
 b - a +0 scale mail (worn)
 c - a +0 buckler (worn)
Scrolls
 e - a scroll of blinking {unknown}
 f - 2 scrolls of identify {unknown}
 h - a scroll of immolation {unknown}
Potions
 d - a potion of might
 i - a potion of attraction {unknown}


   Skills:
 - Level 3.6 Fighting
 + Level 5.9 Axes
 - Level 3.2 Armour
 - Level 3.2 Shields


You had 3 spell levels left.
You didn't know any spells.
Your spell library was empty.

Dungeon Overview and Level Annotations

Branches:
Dungeon (2/15)

Altars:
Kikubaaqudgha

Annotations:
D:2 Sigmund


Message History

You kill the hobgoblin!
There are monsters nearby!
Sigmund closely misses you. You block the goblin's attack.
You see here a hobgoblin corpse.
You barely miss the goblin. The goblin hits you but does no damage.
Sigmund says, "I'm your fate." You block Sigmund's attack.
The goblin misses you.
There are monsters nearby!
You hit the goblin.
You kill the goblin!
Sigmund hits you from afar with a +0 scythe.
Things that are here:
a +0 club; a goblin corpse Sigmund is nearby!
You barely miss Sigmund.
Sigmund mumbles some strange words.
Sigmund flickers and vanishes!
Deactivating autopickup; reactivate with Ctrl-A.
Something hits you.
No target in view!
No target in view!
No target in view!
There is a strange disturbance nearby!
No target in view!
No target in view!
No target in view!
No target in view!
You closely miss something. You miss something. Something hits you!
You closely miss something. Something hits you!
You barely miss something. Something hits you.
You closely miss something. Something hits you.
* * * LOW HITPOINT WARNING * * *
You slash something! Something hits you.
* * * LOW HITPOINT WARNING * * *
You barely miss something.
It was a potion of invisibility.
You fade into invisibility!
Something hits you!
You die...

..... #..... #..... ...######
#..... ##..... #.....###.....
....... +.......+..... #.....
##.....##+..... #.....
#.............. #.....
#......†.......
#....{###......†.†.####
+.....@†...######'## #.....####.#
#.##### #.....####+######.##...
..###+##.........#.##...
######+### #................
...##...# #................
...##...###+##+##................
...'......................####...
...##.....................# #...


There were no monsters in sight!

Vanquished Creatures
  2 adders (D:2)
  4 dart slugs
  6 bats
  2 endoplasms
  2 giant cockroaches
  3 goblins
  8 hobgoblins
  4 jackals (D:1)
  4 kobolds
  4 ball pythons
  4 frilled lizards (D:2)
  3 rats (D:2)
46 creatures vanquished.

Notes
Turn   | Place    | Note
-------+----------+-------------------------------------------
     0 | D:1      | kae the Hill Orc Fighter began the quest for the Orb.
     0 | D:1      | Reached XP level 1. HP: 19/19 MP: 1/1
    78 | D:1      | Reached skill level 3 in Axes
   133 | D:1      | Reached XP level 2. HP: 26/26 MP: 2/2
   189 | D:1      | Reached skill level 4 in Axes
   476 | D:1      | Reached XP level 3. HP: 21/31 MP: 3/3
  1103 | D:1      | Found a faded altar of an unknown god.
  1269 | D:2      | Found an ancient bone altar of Kikubaaqudgha.
  1327 | D:2      | Reached skill level 5 in Axes
  1399 | D:2      | Reached XP level 4. HP: 29/39 MP: 4/4
  1658 | D:2      | Noticed Sigmund
  1673 | D:2      | Slain by Sigmund

Illustrated notes

Levels and vault maps discovered:
D:1:      onia_arrival_mini_maze_b, layout_basic,
          shapermc_ecumenical_altar_mp_ritualfount, solitary_fountain,
          interstate_on_off
D:2:      layout_basic, basic_altar, minmay_surrounded, uniq_sigmund

Skill      XL: |  1  2  3 |
---------------+----------+-----
Axes           | 3 4 5 |  5.9
Fighting       | |  3.6
Armour         | |  3.2
Shields        | |  3.2

Action                   |  1- 3 |  4- 6 || total
-------------------------+-------+-------++-------
Melee: War axe           |   116 |    37 ||   153
  Use: Potion            |       |     1 ||     1
Armor: Scale mail        |    59 |    23 ||    82
Dodge: Dodged            |    67 |    19 ||    86
Block: Buckler           |    29 |    12 ||    41

Table legend: (Time is in decaauts)
 A = Elapsed time spent in this place.
 B = Non-inter-level travel time spent in this place.
 C = Inter-level travel time spent in this place.
 D = Time resting spent in this place.
 E = Time spent auto-exploring this place.
 F = Levels seen in this place.
 G = Mean time per level.
                   A        B        C        D        E       F      G
               +--------+--------+--------+--------+--------+-----+--------+
         Total |   1718 |   1692 |     26 |      0 |   1384 |   2 |  859.0 |
       Dungeon |   1718 |   1692 |     26 |      0 |   1384 |   2 |  859.0 |
               +--------+--------+--------+--------+--------+-----+--------+

Top non-repeatable levels by time:
     D:1: 1236 daAuts
     D:2: 482 daAuts
